 Dungeon Sprint DCSS version 0.27-a0-1545-g3eddc1d3d3 (webtiles) character file.

Game seed: 12328072912432818617

1470 GenialerGandalf the Fighter (level 8, -4/83 HPs)
             Began as a Minotaur Fighter on July 13, 2021.
             Slain by a demonic crawler (6 damage)
             ... in the Dungeon (Sprint I: "Red Sonja").
             The game lasted 00:04:32 (602 turns).

GenialerGandalf the Fighter (Minotaur Fighter)       Turns: 602, Time: 00:04:34

Health: -4/83      AC: 11    Str: 22    XL:     8   Next: 49%
Magic:  7/7        EV: 10    Int:  5    God:
Gold:   154        SH: 12    Dex: 11    Spells: 7/7 levels left

rFire    . . .     SeeInvis .   l - +3 war axe (vorpal)
rCold    . . .     Faith    .   c - +0 kite shield
rNeg     . . .     Spirit   .   b - +0 scale mail
rPois    .         Reflect  .   (helmet restricted)
rElec    .         Harm     .   (no cloak)
rCorr    .         Rampage  .   (no gloves)
Will     .....     NoTele   +   n - +1 pair of boots
Stlth    ..........             (no amulet)
HPRegen  0.23/turn              (no ring)
MPRegen  0.10/turn              (no ring)

@: flying
A: horns 2, retaliatory headbutt
a: no special abilities


You were in the Dungeon.
You visited 1 branch You collected 405 gold pieces.
You spent 251 gold pieces at shops.

Inventory:

Hand Weapons
 a - a +0 war axe
 l - a +3 vorpal war axe (weapon)
 m - a +1 vampiric whip
Armour
 b - a +0 scale mail (worn)
 c - a +0 kite shield (worn)
 n - a +1 pair of boots (worn)
Wands
 i - a wand of charming (4)
Potions
 d - a potion of mutation {unknown}
 g - a potion of haste
 h - 2 potions of magic


   Skills:
 + Level 11.8 Fighting
 + Level 11.0 Axes
 + Level 11.7 Armour
 + Level 3.5 Dodging
 + Level 11.5 Shields


You had 7 spell levels left.
You didn't know any spells.
Your spell library was empty.

Dungeon Overview and Level Annotations

Branches:
Dungeon (1/1)

Altars:
Cheibriados
Dithmenos
Elyvilon
Fedhas
Gozag
Hepliaklqana
Kikubaaqudgha
Makhleb
Nemelex Xobeh
Okawaru
Qazlal
Ru
Sif Muna
Trog
Uskayaw
Vehumet
Wu Jian
Xom
Yredelemnul
Zin
The Shining One
Jiyva
Lugonu

Shops:
D (


Innate Abilities, Weirdness & Mutations

You have a pair of horns on your head.
You reflexively headbutt those who attack you in melee.


Message History

You slash the demonic crawler!
You kill the demonic crawler!
Your Axes skill increases to level 11!
Your Dodging skill increases to level 3!
You hit the demonic crawler but do no damage.
The demonic crawler is heavily wounded.
You block the demonic crawler's attack. x2; The demonic crawler hits you!
You barely miss the demonic crawler.
The demonic crawler is heavily wounded.
You slash the demonic crawler! The demonic crawler hits you. x2
The demonic crawler hits you but does no damage.
You block the demonic crawler's attack. The demonic crawler hits you. x2
You hit the demonic crawler.
The demonic crawler is lightly wounded.
You hit the demonic crawler.
You hit the demonic crawler but do no damage.
You block the demonic crawler's attack. x3; The demonic crawler hits you. x2
* * * LOW HITPOINT WARNING * * *
The demonic crawler hits you.
* * * LOW HITPOINT WARNING * * *
The demonic crawler hits you.
* * * LOW HITPOINT WARNING * * *
The demonic crawler hits you.
* * * LOW HITPOINT WARNING * * *
The demonic crawler hits you but does no damage.
You block the demonic crawler's attack. The demonic crawler closely misses you.
The demonic crawler completely misses you.
It was a potion of flight.
You feel very buoyant.
You fly up into the air.
You block the demonic crawler's attack.
The demonic crawler hits you but does no damage. x2
You block the demonic crawler's attack.
The demonic crawler hits you but does no damage.
You block the demonic crawler's attack. The demonic crawler closely misses you.
You block the demonic crawler's attack.
The demonic crawler hits you but does no damage.
You block the demonic crawler's attack. The demonic crawler hits you!
* * * LOW HITPOINT WARNING * * *
The demonic crawler hits you.
You die...

#######################
#..').#..'..#__#@s)...#
'..#..').#..'..'ss#...##+#
#####'#####'#__####...'..#
####..#...#.#### #####..+
#__####..##.# ##
#_____##'#_.+
#_.∩...'..._#
#_..__##_.#'#
#_____###+#.#


You could see 3 demonic crawlers.

Vanquished Creatures
  2 kobold demonologists (D)
  A demonic crawler (D)
  A slime creature (D)
  Sigmund (D)
  A yak (D)
  A floating eye (D)
  An ogre (D)
  A jelly (D)
  Ijyb (D)
10 creatures vanquished.

Notes
Turn   | Place    | Note
-------+----------+-------------------------------------------
     0 | D        | GenialerGandalf the Minotaur Fighter began the quest for
                  | the Orb.
     0 | D        | Reached XP level 1. HP: 19/19 MP: 0/0
     2 | D        | Noticed Ijyb
     8 | D        | Killed Ijyb
     9 | D        | Reached skill level 5 in Fighting
     9 | D        | Reached skill level 5 in Armour
     9 | D        | Reached skill level 5 in Shields
     9 | D        | Reached XP level 2. HP: 16/29 MP: 1/1
   158 | D        | Noticed an ogre
   161 | D        | Killed an ogre
   162 | D        | Reached XP level 3. HP: 28/39 MP: 2/2
   162 | D        | Reached XP level 4. HP: 34/47 MP: 3/3
   258 | D        | Noticed Sigmund
   263 | D        | Killed Sigmund
   264 | D        | Reached XP level 5. HP: 57/57 MP: 4/4
   264 | D        | Reached XP level 6. HP: 63/63 MP: 5/5
   279 | D        | Found an ornate altar of the Wu Jian Council.
   279 | D        | Found a shimmering blue altar of Sif Muna.
   281 | D        | Found a radiant altar of Vehumet.
   285 | D        | Reached skill level 1 in Dodging
   297 | D        | Found Osagroxe's Antique Weapon Emporium.
   297 | D        | Found an ancient bone altar of Kikubaaqudgha.
   297 | D        | Found a hazy altar of Hepliaklqana.
   297 | D        | Found a stormy altar of Qazlal.
   297 | D        | Found a hide-covered altar of Uskayaw.
   297 | D        | Found a blossoming altar of Fedhas.
   297 | D        | Found a bloodstained altar of Trog.
   297 | D        | Found an iron altar of Okawaru.
   297 | D        | Found a basalt altar of Yredelemnul.
   297 | D        | Found a glowing golden altar of the Shining One.
   297 | D        | Found a snail-covered altar of Cheibriados.
   297 | D        | Found a sacrificial altar of Ru.
   297 | D        | Found a glowing silver altar of Zin.
   297 | D        | Found a shadowy altar of Dithmenos.
   297 | D        | Found a white marble altar of Elyvilon.
   297 | D        | Noticed a yak
   302 | D        | Killed a yak
   303 | D        | Found an opulent altar of Gozag.
   304 | D        | Found a sparkling altar of Nemelex Xobeh.
   308 | D        | Bought a runed war axe for 136 gold pieces
   358 | D        | Bought a glowing whip for 115 gold pieces
   382 | D        | Found a burning altar of Makhleb.
   382 | D        | Found a viscous altar of Jiyva.
   382 | D        | Found a shimmering altar of Xom.
   382 | D        | Found a corrupted altar of Lugonu.
   382 | D        | Noticed a slime creature
   392 | D        | Killed a slime creature
   393 | D        | Reached skill level 10 in Fighting
   393 | D        | Reached skill level 10 in Armour
   393 | D        | Reached skill level 10 in Shields
   393 | D        | Reached XP level 7. HP: 44/73 MP: 6/6
   562 | D        | Noticed a kobold demonologist
   562 | D        | Noticed a kobold demonologist
   563 | D        | Paralysed by a floating eye for 3 turns
   575 | D        | Noticed a chaos spawn
   576 | D        | Killed a kobold demonologist
   578 | D        | Killed a kobold demonologist
   579 | D        | Reached skill level 10 in Axes
   579 | D        | Reached XP level 8. HP: 82/82 MP: 7/7
   586 | D        | Noticed a demonic crawler
   586 | D        | Noticed a demonic crawler
   586 | D        | Noticed a demonic crawler
   586 | D        | Noticed a demonic crawler
   598 | D        | Killed a demonic crawler
   602 | D        | HP: 2/83 [demonic crawler (9)]
   602 | D        | Slain by a demonic crawler

Illustrated notes

Levels and vault maps discovered:
D:        dungeon_sprint_1 [red_sonja_temple_1, red_sonja_temple_small_1]

Skill      XL: |  1  2  3  4  5  6  7  8 |
---------------+-------------------------+-----
Fighting       | 5 7 9 10 11 | 11.8
Axes           | 3 4 6 8 10 11 | 11.0
Armour         | 5 6 8 10 11 | 11.7
Shields        | 5 6 8 10 11 | 11.5
Dodging        | 2 3 |  3.5

Action                   |  1- 3 |  4- 6 |  7- 9 || total
-------------------------+-------+-------+-------++-------
Melee: War axe           |     6 |    21 |    25 ||    52
       Headbutt          |     1 |     8 |     8 ||    17
  Use: Potion            |     1 |     1 |     3 ||     5
       Scroll            |       |       |     1 ||     1
Armor: Scale mail        |     2 |     5 |    30 ||    37
Dodge: Dodged            |     1 |     3 |    10 ||    14
Block: Kite shield       |     1 |    13 |    30 ||    44

Table legend: (Time is in decaauts)
 A = Elapsed time spent in this place.
 B = Non-inter-level travel time spent in this place.
 C = Inter-level travel time spent in this place.
 D = Time resting spent in this place.
 E = Time spent auto-exploring this place.
 F = Levels seen in this place.
 G = Mean time per level.
                   A        B        C        D        E       F      G
               +--------+--------+--------+--------+--------+-----+--------+
         Total |    625 |    625 |      0 |    374 |      0 |   1 |  625.0 |
       Dungeon |    625 |    625 |      0 |    374 |      0 |   1 |  625.0 |
               +--------+--------+--------+--------+--------+-----+--------+

Top non-repeatable levels by time:
       D: 625 daAuts
